 Dungeon Crawl Stone Soup version 0.30-a0-12-gd8047c6341 (webtiles) character file.

Game seed: 7411474442304961557

489 drpainis the Chopper (level 7, -2/61 HPs)
             Began as a Hill Orc Berserker on Aug 24, 2022.
             Was a Believer of Trog.
             Slain by a hound (4 damage)
             ... on level 5 of the Dungeon.
             The game lasted 00:04:32 (4735 turns).

drpainis the Chopper (Hill Orc Berserker)           Turns: 4735, Time: 00:04:33

Health: -2/61      AC: -1    Str: 22    XL:     7   Next: 14%
Magic:  7/7        EV:  8    Int:  7    God:    Trog [**....]
Gold:   181        SH:  0    Dex: 10    Spells: 6/6 levels left

rFire   . . .      SeeInvis .    a - +0 hand axe
rCold   . . .      Faith    .    (no shield)
rNeg    . . .      Spirit   .    o - +0 chain mail
rPois   .          Reflect  .    (no helmet)
rElec   .          Harm     .    (no cloak)
rCorr   .          Rampage  .    (no gloves)
Will    ++...                    r - +0 pair of boots
Stlth   ..........               v - amulet of the acrobat
HPRegen 1.20/turn                (no ring)
MPRegen 0.10/turn                (no ring)

@: strong-willed (expiring), corroded, on berserk cooldown, regenerating
(expiring), slowed, very slow
A: no striking features
a: Renounce Religion, Berserk, Trog's Hand


You were on level 5 of the Dungeon.
You worshipped Trog.
Trog was pleased with you.
You visited 1 branch of the dungeon, and saw 5 of its levels.

You collected 181 gold pieces.

Inventory:

Hand Weapons
 a - a +0 hand axe (weapon)
Missiles
 y - 6 datura-tipped darts (quivered)
Armour
 b - a +0 animal skin
 f - a +0 ring mail
 o - a +0 chain mail (worn)
 r - a +0 pair of boots (worn)
Jewellery
 h - an amulet of magic regeneration
 k - a ring of protection from cold
 v - an amulet of the acrobat (around neck)
Scrolls
 c - a scroll of fog {unknown}
 j - a scroll of brand weapon {unknown}
 m - 3 scrolls of identify {unknown}
 n - a scroll of acquirement {unknown}
 p - a scroll of enchant armour {unknown}
 q - a scroll of poison {unknown}
 u - a scroll of silence {unknown}
 x - a scroll of blinking {unknown}
Potions
 d - 2 potions of attraction {unknown}
 e - 3 potions of haste {unknown}
 g - 3 potions of curing {unknown}
 i - 2 potions of degeneration {unknown}
 l - a potion of berserk rage {unknown}
 t - a potion of mutation {unknown}
 w - a potion of ambrosia {unknown}


   Skills:
 + Level 5.0 Fighting
 + Level 6.7 Axes
 + Level 4.7 Armour
 + Level 3.0 Dodging
 + Level 0.6 Stealth


You had 6 spell levels left.
You didn't know any spells.
Your spell library was empty.

Dungeon Overview and Level Annotations

Branches:
Dungeon (5/15)
 Temple: D:4-7

Altars:
Cheibriados
Sif Muna


Message History

A hound comes into view.
You see here a jackal corpse.
You feel a strong urge to attack something.
Unknown command.
You are no longer berserk.
You are exhausted.
You feel yourself slow down.
You see here a jackal corpse.
The hound bites you.
* * * LOW HITPOINT WARNING * * *
You see here a jackal corpse.
Your skin crawls.
You feel strong-willed. The hound bites you.
* * * LOW HITPOINT WARNING * * *
The hound closely misses you.
You hit the hound but do no damage. The hound closely misses you.
The hound bites you.
* * * LOW HITPOINT WARNING * * *
The hound pauses to sniff the ground.
The hound closely misses you.
You hit the hound but do no damage. The hound bites you.
* * * LOW HITPOINT WARNING * * *
The hound bites you.
* * * LOW HITPOINT WARNING * * *
You closely miss the hound. The hound bites you.
* * * LOW HITPOINT WARNING * * *
The hound bites you.
* * * LOW HITPOINT WARNING * * *
You closely miss the hound.
You feel the effects of Trog's Hand fading.
The hound bites you.
* * * LOW HITPOINT WARNING * * *
The hound closely misses you.
You barely miss the hound. The hound bites you.
* * * LOW HITPOINT WARNING * * *
The hound bites you.
* * * LOW HITPOINT WARNING * * *
The hound bites you.
You die...

###......... #.
##........... #..
##............ #.#
## #...#####.....
##..##. #..##
###... #......
##.## #... .......
##..# ##..
.......#######..##
##..
.......†...h@..##
#..#
..........######
##..# #......####
###...# ####..#
###....## #..
#<...### ##.
#...## # #..##
#..# #..#


You could see a hound.

Vanquished Creatures
  Menkaure (D:4)
  3 jellies
  A gnoll bouda (D:4)
  2 orc priests (D:4)
  Natasha (twice) (D:3)
  3 gnolls (D:3)
  2 adders
  4 worms
  3 dart slugs
  3 orcs (D:4)
  6 ball pythons
  3 bats (D:1)
  6 endoplasms
  2 giant cockroaches
  2 goblins
  6 hobgoblins
  10 jackals
  10 kobolds
  3 quokkas (D:1)
  2 frilled lizards (D:2)
  5 rats
79 creatures vanquished.

Notes
Turn   | Place    | Note
-------+----------+-------------------------------------------
     0 | D:1      | drpainis the Hill Orc Berserker began the quest for the
                  | Orb.
     0 | D:1      | Reached XP level 1. HP: 19/19 MP: 1/1
    53 | D:1      | HP: 1/20 [quokka (3)]
   385 | D:1      | Reached XP level 2. HP: 24/27 MP: 2/2
   706 | D:1      | Reached XP level 3. HP: 30/33 MP: 3/3
  2054 | D:3      | Found a faded altar of an unknown god.
  2139 | D:3      | Reached XP level 4. HP: 41/41 MP: 4/4
  2491 | D:3      | Noticed Natasha
  2502 | D:3      | Killed Natasha
  2768 | D:3      | Noticed Natasha
  2781 | D:3      | Killed Natasha
  2782 | D:3      | Reached XP level 5. HP: 47/47 MP: 5/5
  2896 | D:3      | Reached skill level 5 in Axes
  3539 | D:4      | Reached ** piety under Trog
  3540 | D:4      | Reached XP level 6. HP: 38/53 MP: 6/6
  3726 | D:4      | Found a shimmering blue altar of Sif Muna.
  3808 | D:4      | Found a snail-covered altar of Cheibriados.
  4010 | D:4      | Noticed Menkaure
  4031 | D:4      | Killed Menkaure
  4032 | D:4      | Reached skill level 6 in Axes
  4069 | D:4      | Reached skill level 5 in Fighting
  4625 | D:5      | Entered Level 5 of the Dungeon
  4640 | D:5      | Reached XP level 7. HP: 55/61 MP: 7/7
  4734 | D:5      | HP: 3/61 [hound (5)]
  4735 | D:5      | Slain by a hound

Illustrated notes

Levels and vault maps discovered:
D:1:      dpeg_arrival_renting, layout_rooms
D:2:      layout_basic
D:3:      layout_basic, dreamdust_ecumenical_altar_angels_and_demons,
          uniq_natasha
D:4:      layout_loops_corners, cheibriados_altar_1, kennysheep_mini_moat,
          minmay_vboxes, uniq_menkaure
D:5:      layout_layer_cave, serial_shops, nicolae_shop_stone,
          gammafunk_ghost_cemetery, fountainhead, corexii_shack

Skill      XL: |  1  2  3  4  5  6 |
---------------+-------------------+-----
Fighting       | 4 5 |  5.0
Dodging        | 2 3 |  3.0
Armour         | 3 4 |  4.7
Axes           | 5 6 |  6.7
Stealth        | |  0.6

Action                   |  1- 3 |  4- 6 |  7- 9 || total
-------------------------+-------+-------+-------++-------
Melee: Hand axe          |   127 |   135 |    18 ||   280
       Punch             |       |     2 |       ||     2
Throw: Throwing net      |       |       |     1 ||     1
Invok: Berserk           |       |     3 |     1 ||     4
       Trog's Hand       |       |     1 |     1 ||     2
Armor: Animal skin       |    11 |       |       ||    11
       Ring mail         |    22 |       |       ||    22
       Chain mail        |     9 |    83 |    11 ||   103
Dodge: Dodged            |    86 |    47 |    16 ||   149

Table legend: (Time is in decaauts)
 A = Elapsed time spent in this place.
 B = Non-inter-level travel time spent in this place.
 C = Inter-level travel time spent in this place.
 D = Time resting spent in this place.
 E = Time spent auto-exploring this place.
 F = Levels seen in this place.
 G = Mean time per level.
                   A        B        C        D        E       F      G
               +--------+--------+--------+--------+--------+-----+--------+
         Total |   4789 |   4616 |    173 |      0 |   3896 |   5 |  957.8 |
       Dungeon |   4789 |   4616 |    173 |      0 |   3896 |   5 |  957.8 |
               +--------+--------+--------+--------+--------+-----+--------+

Top non-repeatable levels by time:
     D:4: 1526 daAuts
     D:3: 1101 daAuts
     D:1: 1040 daAuts
     D:2: 1011 daAuts
     D:5: 110 daAuts
